 Dungeon Crawl Stone Soup version 0.27.1-3-gb3d3a73c9e (webtiles) character file.

Game seed: 12011796145380423686

8792 H0rd4k the Spear-Bearer (level 11, -6/84 HPs)
             Began as a Human Artificer on Oct 14, 2021.
             Was an Initiate of Gozag.
             Mangled by a troll (10 damage)
             ... on level 12 of the Dungeon.
             The game lasted 00:20:36 (14027 turns).

H0rd4k the Spear-Bearer (Human Artificer)          Turns: 14027, Time: 00:20:37

Health: -6/84      AC: 10    Str: 14    XL:     11   Next: 62%
Magic:  14/14      EV: 14    Int: 13    God:    Gozag
Gold:   1635       SH:  0    Dex: 14    Spells: 14/15 levels left

rFire    + . .     SeeInvis .   u - +8 lance "Wyrmbane" {slay drac, rPois rF+ rC+ AC+3}
rCold    + . .     Faith    .   (no shield)
rNeg     . . .     Spirit   .   b - +0 leather armour
rPois    +         Reflect  .   (no helmet)
rElec    .         Harm     .   (no cloak)
rCorr    .         Rampage  .   (no gloves)
Will     +....                  (no boots)
Stlth    +++.......             (no amulet)
HPRegen  0.24/turn              p - ring of willpower
MPRegen  0.14/turn              n - +4 ring of protection

@: about to teleport, gold aura
A: no striking features
a: Renounce Religion, Potion Petition, Call Merchant, Bribe Branch


You were on level 12 of the Dungeon.
You worshipped Gozag.
Gozag was most pleased with you.
You visited 2 branches of the dungeon, and saw 13 of its levels.
You also visited: Sewer and Ossuary.

You collected 1662 gold pieces.
You paid 27 gold pieces to Gozag.

Inventory:

Hand Weapons
 a - a +2 dagger of holy wrath
 r - a +2 dagger of speed
 s - a +1 dagger of venom
 u - the +8 lance "Wyrmbane" (weapon) {slay drac, rPois rF+ rC+ AC+3}
   (You found it on level 4 of the Dungeon)

   It inflicts extra damage against dragons and draconians.
   AC:        It affects your AC (+3).
   rF:        It protects you from fire.
   rC:        It protects you from cold.
   rPois:     It protects you from poison.
Armour
 b - a +0 leather armour (worn)
Magical Staves
 v - a staff of earth
 M - a staff of poison
Jewellery
 n - a +4 ring of protection (right hand)
 p - a ring of willpower (left hand)
 t - a ring of ice
 C - a ring of ice
 H - a ring of fire
Wands
 c - a wand of flame (35) (quivered)
 z - a wand of paralysis (4)
 O - a wand of iceblast (10)
Scrolls
 i - 2 scrolls of amnesia {unknown}
 j - a scroll of enchant armour {unknown}
 l - 5 scrolls of identify
 w - 2 scrolls of fog {unknown}
 x - 2 scrolls of noise {unknown}
 y - a scroll of teleportation
 A - 2 scrolls of brand weapon {unknown}
 B - a scroll of fear
 D - a scroll of vulnerability {unknown}
 G - 2 scrolls of enchant weapon {unknown}
 I - a scroll of torment {unknown}
 L - a scroll of summoning {unknown}
 P - a scroll of silence {unknown}
Potions
 d - a potion of brilliance {unknown}
 f - 3 potions of cancellation {unknown}
 g - 3 potions of mutation
 h - 6 potions of curing
 k - 4 potions of flight
 o - 2 potions of resistance
 q - 2 potions of magic
 E - 3 potions of berserk rage
 F - 4 potions of haste
 J - 2 potions of might {unknown}
 N - a potion of invisibility {unknown}
Miscellaneous
 e - a piece from Xom's chessboard (14/15)


   Skills:
 + Level 7.2 Fighting
 + Level 4.0 Short Blades
 + Level 10.6 Polearms
 + Level 3.5 Armour
 + Level 6.7 Dodging
 + Level 5.2 Stealth
 * Level 2.5 Spellcasting
 * Level 2.8 Necromancy
 + Level 5.5 Evocations


You had 14 spell levels left.
You knew the following spells:

 Your Spells              Type           Power      Damage    Failure   Level
a - Animate Skeleton      Necr           18%        N/A       9%          1

Your spell library contained the following spells:

 Spells                   Type           Power      Damage    Failure   Level
 Apportation              Tloc           2%         N/A       30%         1
 Beastly Appendage        Tmut           2%         N/A       30%         1
 Corona                   Hex            1%         N/A       30%         1
 Summon Small Mammal      Summ           4%         N/A       30%         1
 Wereblood                Tmut           1%         N/A       41%         2
 Ozocubu's Armour         Ice            1%         N/A       65%         3
 Portal Projectile        Hex/Tloc       2%         N/A       65%         3
 Spider Form              Tmut/Pois      0%         N/A       65%         3
 Stone Arrow              Conj/Erth      2%         3d7       65%         3
 Excruciating Wounds      Necr           4%         N/A       94%         5
 Blade Hands              Tmut           0%         N/A       100%        5
 Bolt of Magma            Conj/Fire/Erth 0%         4d4       100%        5
 Ozocubu's Refrigeration  Ice            0%         4d5       100%        7
 Shatter                  Erth           0%         3d5*      100%        9


Dungeon Overview and Level Annotations

Branches:
Dungeon (12/15)            Temple (1/1) D:4           Sewer (visited)
Ossuary (visited)
   Lair: D:8-11         Orc: D:9-12

Altars:
Ashenzari
Cheibriados
Dithmenos
Elyvilon
Fedhas
Gozag
Hepliaklqana
Kikubaaqudgha
Makhleb
Nemelex Xobeh
Qazlal
Uskayaw
Vehumet
Wu Jian
Yredelemnul
The Shining One

Annotations:
D:2 exclusion: downstairs
D:4 2 transporters
D:10 exclusion: 2 downstairs
D:11 exclusion: boulder beetle
D:12 Kirke


Message History

You hit the acid dragon.
The acid dragon convulses.
The acid dragon is heavily wounded.
Something unseen opens the door.
An orc comes into view.
It is wielding a +0 dagger of distortion.
Found 17 gold pieces. 2 orcs and 2 orc warriors come into view.
The helpless acid dragon fails to defend itself.
You impale the acid dragon!!
You kill the acid dragon!
An orc comes into view. It is wielding a +0 dagger.
The orc shouts!
An orc comes into view. It is wielding a +0 dagger.
You see here 16 gold pieces.
Aiming: Paralyse
Press: ? - help, Shift-Dir - straight line, f - electric eel
Aim: an electric eel (water, chance to affect: 71%)
The electric eel struggles to resist.
An orc warrior comes into view. It is wielding a +0 glaive.
Aiming: Paralyse
Press: ? - help, Shift-Dir - straight line, f/p - electric eel
Aim: an electric eel (water, chance to affect: 71%)
The electric eel suddenly stops moving!
An orc comes into view. It is wielding a +0 falchion.
The orc warrior is distracted by your dazzling golden aura.
A troll comes into view.
As you read the scroll of teleportation, it crumbles to dust.
You feel strangely unstable.
You are no longer corroded.
The orc hits you but does no damage.
You closely miss the orc. The orc hits you but does no damage.
The troll shouts!
You puncture the orc!
You kill the orc!
You hit the orc.
The orc is severely wounded.
The troll bites you!
* * * LOW HITPOINT WARNING * * *
The troll claws you!
You die...
Your body crumbles into a pile of gold. $ $ . .o $$ .. .oo

$ ... .o. .... ..
####..... ###o####
#.T...... #...o..####@#
#####.####$..##o######
#......................
#.≈≈≈≈≈≈≈;≈≈≈≈≈≈≈≈≈≈≈≈≈
#.≈≈≈≈≈≈≈≈≈≈≈≈≈≈≈≈≈≈≈≈≈
#..≈≈###################
#..≈; #..≈≈ ...≈≈


You could see a troll and an orc.

Vanquished Creatures
  Harold (D:8)
  Urug (D:11)
  A cyclops (D:10)
  A hornet (D:8)
  An ugly thing (D:11)
  Maggie (D:7)
  A troll (D:10)
  Grinder (Sewer)
  Duvessa (D:4)
  2 wyverns
  A vampire (D:11)
  Eustachio (D:4)
  5 yaks (D:9)
  2 steam dragons (D:7)
  Menkaure (D:7)
  An acid dragon (D:12)
  A water moccasin (D:7)
  A hornet zombie (D:5)
  2 ice beasts
  A necrophage (D:5)
  4 orc warriors
  6 centaurs
  3 ogres (D:6)
  3 kobold brigands
  2 elf zombies (Ossuary)
  3 bullfrogs
  A water moccasin zombie (D:5)
  A water moccasin skeleton (D:5)
  A howler monkey (D:7)
  3 electric eels (D:6)
  A bullfrog zombie (D:5)
  2 centaur zombies
  A quasit (Sewer)
  3 hounds
  2 jellies
  A gnoll shaman (D:8)
  5 orc priests
  A human zombie (Ossuary)
  4 bullfrog skeletons (D:5)
  Jessica (D:2)
  4 iguanas
  5 orc wizards
  A killer bee zombie (D:9)
  3 hound zombies (D:5)
  A hound skeleton (D:4)
  2 mummies (Ossuary)
  Robin (D:4)
  4 howler monkey zombies
  A gnoll (D:4)
  7 adders
  5 shadow imps
  A river rat (D:6)
  3 white imps
  5 ufetubi
  5 adder zombies
  2 worms
  2 dart slugs
  25 orcs
  6 ball pythons
  A bat zombie (Sewer)
  6 endoplasms
  7 giant cockroaches
  13 goblins
  6 hobgoblins
  2 jackals (D:1)
  23 kobolds
  4 quokkas
  A ball python zombie (D:1)
  4 bats
  7 frilled lizards
  A giant cockroach zombie (D:1)
  A goblin zombie (Ossuary)
  11 hobgoblin zombies (Ossuary)
  15 kobold zombies
  4 orc zombies (Ossuary)
  7 rats
271 creatures vanquished.

Vanquished Creatures (collateral kills)
  Dowan (D:4)
  An orc wizard (D:3)
  An adder (D:4)
  3 gnolls (D:4)
  An adder skeleton (D:4)
  A worm (D:4)
  4 orcs
  An endoplasm (D:3)
  A giant cockroach (D:4)
  2 goblins (D:4)
  2 rats (D:3)
18 creatures vanquished.

Vanquished Creatures (others)
  A centaur warrior (D:8)
  A bullfrog (D:8)
  An orc wizard (D:7)
  3 orcs
  30 plants
  2 withered plants (D:5)
38 creatures vanquished.

Grand Total: 327 creatures vanquished

Notes
Turn   | Place    | Note
-------+----------+-------------------------------------------
     0 | D:1      | H0rd4k the Human Artificer began the quest for the Orb.
     0 | D:1      | Reached XP level 1. HP: 15/15 MP: 1/1
   194 | D:1      | Found a faded altar of an unknown god.
   292 | D:1      | Reached XP level 2. HP: 4/21 MP: 2/2
  1446 | D:1      | Reached XP level 3. HP: 20/26 MP: 3/3
  2190 | D:2      | Found a stormy altar of Qazlal.
  2431 | D:2      | Noticed Jessica
  2442 | D:2      | Killed Jessica
  2443 | D:2      | Reached XP level 4. HP: 19/32 MP: 4/4
  3513 | D:3      | Reached XP level 5. HP: 24/38 MP: 5/5
  3970 | D:3      | Found a glowing golden altar of the Shining One.
  3970 | D:3      | Found a burning altar of Makhleb.
  4093 | D:3      | Noticed a phantom
  4473 | D:4      | Found a transporter.
  4490 | D:4      | Reached skill level 1 in Short Blades
  4532 | D:4      | Noticed Dowan
  4532 | D:4      | Noticed Duvessa
  4541 | D:4      | Killed Dowan
  4582 | D:4      | Reached XP level 6. HP: 46/46 MP: 6/6
  4650 | D:4      | Noticed Robin
  4672 | D:4      | Found a transporter.
  4729 | D:4      | Found a sand-covered staircase.
  4744 | D:4      | Found the +8 lance "Wyrmbane" {slay drac, rPois rF+ rC+
                  | AC+3}
  4747 | Ossuary  | Entered an ossuary
  5136 | Ossuary  | Reached XP level 7. HP: 46/51 MP: 7/7
  5751 | D:4      | Killed Robin
  6044 | D:4      | Found a staircase to the Ecumenical Temple.
  6072 | Temple   | Entered the Ecumenical Temple
  6108 | Temple   | Became a worshipper of Gozag Ym Sagoz the Greedy
  6125 | D:4      | Noticed Eustachio
  6284 | D:4      | Killed Duvessa
  6285 | D:4      | Reached skill level 1 in Polearms
  6285 | D:4      | Reached XP level 8. HP: 19/58 MP: 8/8
  6499 | D:4      | Killed Eustachio
  6500 | D:4      | Reached skill level 2 in Polearms
  6599 | D:5      | Entered Level 5 of the Dungeon
  6647 | D:5      | Reached skill level 5 in Dodging
  6939 | D:5      | Reached skill level 3 in Polearms
  7137 | D:5      | Reached skill level 4 in Polearms
  7409 | D:5      | Reached XP level 9. HP: 52/66 MP: 9/9
  7653 | D:5      | Reached skill level 5 in Polearms
  8356 | D:6      | Reached skill level 6 in Polearms
  8466 | D:6      | Found a glowing drain.
  8470 | Sewer    | Entered a sewer
  8687 | Sewer    | Found a burning altar of Makhleb.
  8812 | Sewer    | Noticed Grinder
  8824 | Sewer    | Killed Grinder
  8825 | Sewer    | Reached skill level 5 in Fighting
  8825 | Sewer    | Reached skill level 7 in Polearms
  9688 | D:6      | Found a hazy altar of Hepliaklqana.
  9891 | D:7      | Noticed Menkaure
  9910 | D:7      | Killed Menkaure
  9911 | D:7      | Reached skill level 8 in Polearms
  9972 | D:7      | Reached XP level 10. HP: 74/74 MP: 10/10
  9991 | D:7      | Found a broken altar of Ashenzari.
 10006 | D:7      | Noticed Maggie
 10023 | D:7      | Killed Maggie
 10149 | D:7      | Reached skill level 5 in Evocations
 10663 | D:8      | Reached skill level 9 in Polearms
 10673 | D:8      | Noticed Harold
 10678 | D:8      | Killed Harold
 10871 | D:8      | Noticed a centaur warrior
 10890 | D:8      | Killed a hornet
 11143 | D:9      | Learned a level 1 spell: Animate Skeleton
 11188 | D:9      | Reached XP level 11. HP: 58/83 MP: 11/11
 11196 | D:9      | Reached skill level 1 in Spellcasting
 11196 | D:9      | Reached skill level 1 in Necromancy
 11658 | D:9      | Reached skill level 10 in Polearms
 11658 | D:9      | Reached skill level 5 in Stealth
 11830 | D:9      | Found a radiant altar of Vehumet.
 12060 | D:10     | Entered Level 10 of the Dungeon
 12717 | D:10     | Noticed a cyclops
 12738 | D:10     | Killed a cyclops
 13422 | D:11     | Noticed a two-headed ogre
 13611 | D:11     | Noticed Urug
 13675 | D:11     | Noticed a two-headed ogre
 13836 | D:11     | Noticed a boulder beetle
 13872 | D:11     | Noticed a brown ugly thing
 13881 | D:11     | Killed a brown ugly thing
 13906 | D:11     | Killed Urug
 13963 | D:11     | Identified the +7 flail of Onigusige {venom, +Rage rPois
                  | rF- rCorr}
 13968 | D:11     | Noticed a manticore
 13981 | D:12     | Noticed Kirke
 13986 | D:12     | Noticed a manticore
 13988 | D:12     | Noticed a two-headed ogre
 14027 | D:12     | HP: 4/84 [troll (11)]
 14027 | D:12     | Mangled by a troll

Illustrated notes

Levels and vault maps discovered:
D:1:      saegor_arrival_fortress, layout_loops_corners,
          hellmonk_ecumenical_altar_arch_garden
D:2:      layout_rooms, basic_altar, uniq_jessica
D:3:      layout_basic, amethyst_overflow_temple_binary
D:4:      gammafunk_wand_slinger, layout_rooms,
          minmay_temple_entry_antechambers, nicolae_ossuary_entry_monument,
          serial_bayou_crossing, uniq_robin, uniq_duvessa, uniq_eustachio
D:5:      layout_layer_cave, serial_undead, serial_undead_b, serial_undead_e,
          serial_undead_e, serial_undead_a, serial_undead_d
D:6:      layout_cave_pools, nicolae_hepliaklqana_hazy_memory,
          gup_sewer_entry_spiral, serial_bayou, serial_bayou_pond_d,
          serial_bayou_lake_a, serial_bayou_shore_b, serial_bayou_lagoon_a
D:7:      layout_rooms, ashenzari_conservatory_becter, minmay_starry_boxes,
          uniq_menkaure, uniq_maggie
D:8:      layout_loops_ring, mainiacjoe_overflow_brackets, david_lair_shrubbed,
          kennysheep_kite_vault, uniq_harold
D:9:      layout_rooms, fiery_altar_vehumet
D:10:     layout_basic
D:11:     layout_small_grid, uniq_urug
D:12:     layout_roguey [special_room_orc], erik_orc_2, serial_shops, shop,
          uniq_kirke
Temple:   eino_temple_rhombus

Skill      XL: |  1  2  3  4  5  6  7  8  9 10 11 |
---------------+----------------------------------+-----
Evocations     | 4 5 |  5.5
Dodging        | 2 3 4 5 6 |  6.7
Fighting       | 2 3 4 5 6 7 |  7.2
Short Blades   | 1 2 3 4 |  4.0
Polearms       | 1 4 8 9 10 | 10.6
Stealth        | 4 5 |  5.2
Armour         | 3 |  3.5
Spellcasting   | 2 |  2.5
Necromancy     | 2 |  2.8

Action                   |  1- 3 |  4- 6 |  7- 9 | 10-12 || total
-------------------------+-------+-------+-------+-------++-------
Melee: Club              |   148 |       |       |       ||   148
       Dagger            |    10 |   228 |   118 |       ||   356
       Lance             |       |       |   380 |   314 ||   694
Evoke: Wand              |     5 |    11 |     4 |    30 ||    50
       Piece from Xom's  |       |       |       |     1 ||     1
  Use: Scroll            |       |     1 |     6 |     2 ||     9
       Potion            |       |       |       |     6 ||     6
 Stab: Sleeping          |     1 |     3 |     6 |     3 ||    13
       Distracted        |       |       |     3 |       ||     3
       Paralysed         |       |       |       |    20 ||    20
Armor: Leather armour    |    52 |    68 |   129 |    60 ||   309
Dodge: Dodged            |   122 |   166 |   272 |   105 ||   665
